 Dungeon Crawl Stone Soup version 0.32-a0-586-gd5c3ca0 (webtiles) character file.

Game seed: 1783958901743717319

3609 skewfiend the Nimble (level 9, -4/52 HPs)
             Began as a Deep Elf Summoner on Mar 2, 2024.
             Was a Believer of Sif Muna.
             Slain by a troll (15 damage)
             ... on level 6 of the Dungeon.
             The game lasted 00:34:12 (6503 turns).

skewfiend the Nimble (Deep Elf Summoner)            Turns: 6503, Time: 00:34:12

Health: -4/52      AC:  7    Str:  5    XL:     9   Next: 86%
Magic:  12/21      EV: 19    Int: 25    God:    Sif Muna [**....]
Gold:   250        SH:  0    Dex: 21    Spells: 8/22 levels left

rFire   + . .        b - +0 trident
rCold   . . .        (no shield)
rNeg    . . .        A - +3 leather armour {rPois}
rPois   +            (no helmet)
rElec   .            (no cloak)
rCorr   .            (no gloves)
SInv    .            m - +0 pair of boots
Will    .....        (no amulet)
Stlth   ++           y - ring of protection from fire
HPRegen 0.28/turn    j - +6 ring of dexterity
MPRegen 0.17/turn

%: no passive effects
@: about to teleport, inugami summoned
A: no striking features
a: Renounce Religion, Channel Magic


You were on level 6 of the Dungeon.
You worshipped Sif Muna.
Sif Muna was pleased with you.
You visited 1 branch of the dungeon, and saw 6 of its levels.
You also visited: Sewer and Ossuary.

You collected 250 gold pieces.

Inventory:

Hand Weapons
 a - a +2 dagger of protection
 b - a +0 trident (weapon)
 c - a +0 dagger
 e - a +0 mace
 l - a +0 halberd
 n - a +0 spear
 r - a +3 whip of flaming
Missiles
 h - 62 stones
 t - 5 javelins
 C - 25 poisoned darts
 D - a curare-tipped dart
Armour
 d - a +0 leather armour
 g - a +0 scale mail
 i - a +0 robe
 m - a +0 pair of boots (worn)
 A - a +3 leather armour of poison resistance (worn)
 B - the +1 scale mail of Ziuqew {Regen+ SInv}
   (You found it on level 4 of the Dungeon)

   SInv:      It lets you see invisible.
   Regen+:    It increases your rate of health regeneration.
Jewellery
 j - a +6 ring of dexterity (right hand)
 k - a ring of fire
 y - a ring of protection from fire (left hand)
 z - a +6 ring of strength
Wands
 u - a wand of flame (7)
Scrolls
 o - 2 scrolls of fear
 p - a scroll of teleportation
 w - a scroll of fog
 x - a scroll of torment
 H - 2 scrolls of revelation
 L - a scroll of amnesia
Potions
 f - 2 potions of enlightenment
 q - 2 potions of curing
 s - a potion of magic
 v - a potion of ambrosia
 E - a potion of cancellation
 I - 2 potions of heal wounds {unknown}
 J - 2 potions of might {unknown}
 M - a potion of brilliance


   Skills:
 + Level 3.9 Fighting
 - Level 5.4 Armour
 - Level 11.4 Dodging
 - Level 2.4 Stealth
 + Level 7.1 Spellcasting
 * Level 8.9 Summonings
 - Level 3.0 Fire Magic
 - Level 3.0 Air Magic
 + Level 3.8 Invocations


You had 8 spell levels left.
You knew the following spells:

 Your Spells              Type           Power      Damage    Failure   Level
a - Summon Small Mammal   Summ           100%       N/A       1%          1
b - Call Imp              Summ           100%       N/A       1%          2
c - Call Canine Familiar  Summ           52%        N/A       1%          3
d - Summon Blazeheart Go  Fire/Summ      38%        N/A       9%          4
e - Summon Lightning Spi  Summ/Air       38%        N/A       9%          4

Your spell library contained the following spells:

 Spells                   Type           Power      Damage    Failure   Level


Dungeon Overview and Level Annotations

Branches:
Dungeon (6/15)             Temple (0/1) D:6           Sewer (visited)
Ossuary (visited)

Altars:
Fedhas
Makhleb
Okawaru
Sif Muna


Message History

The phantom is destroyed!
Sif Muna accepts your kill.
Unknown command.
You closely miss something.
Your inugami hits something but does no damage.
An ice beast comes into view.
Something hits you but does no damage. Something bites you.
Something draws strength from your injuries!
Unknown command.
Casting: Summon Blazeheart Golem (dangerous; 9% risk of failure)
Confirm with . or Enter, or press ? or * to list all spells.
A tiny devil pulls itself out of the air.
Your inugami hits something.
The troll barely misses your cerulean imp.
The troll claws your cerulean imp!
The troll closely misses your cerulean imp.
The white imp hits your cerulean imp.
Your cerulean imp dies!
Your cerulean imp disappears in a puff of smoke!
Something hits you. Something bites you!
* * * LOW HITPOINT WARNING * * *
Something draws strength from your injuries!
As you read the scroll of teleportation, it crumbles to dust.
You feel strangely unstable.
Your inugami hits something.
The orc warrior barely misses your inugami.
Something closely misses you. Something bites you but does no damage.
Unknown command.
As you read the scroll of butterflies, it crumbles to dust.
You hear the flapping of tiny wings.
The white imp is knocked back by the sudden gust.
Your inugami is knocked back by the sudden gust.
The troll is knocked back by the sudden gust.
Your blazeheart golem is knocked back by the sudden gust.
The orc warrior closely misses your butterfly.
The ice beast hits your butterfly.
Your butterfly dies!
Your butterfly disappears in a burst of colours!
Your inugami closely misses the white imp.
The troll bites you!
You die...

.........######...######.#...###.
.....9.).# #...# #.+....#..
...##....# #...# #.#....#..
....†....# #...# #.#.......
#...#.#### #...# ####..#.#.
...#....,* #...# ####+.....
..#......###############.....#.#.
...#......))bhbb9bbb.............
*...#.....)Y.o5{@bbb.b......).)..
,,,,,.....)b.bbTbbbb.....##...##+
,,*,,....##################...##.
,,,*,...,* #...# #.........
*,,,*.,,,* #...# #.........
,,,*,,,,,* #...# #.........
,,*,,,,*** #...# #.###....#
,,,,,,,,,* #...# ###*#....#
*,,,*,,,,******,,,******,,,#.....


You could see a troll (ally target), an orc warrior (ally target), an ice beast
(ally target), a white imp (ally target), a friendly blazeheart golem (summoned)
and a friendly inugami (summoned).

Vanquished Creatures
  An ogre (D:6)
  2 elf zombies (Ossuary)
  2 centaur zombies (Ossuary)
  2 hounds
  2 human zombies (Ossuary)
  An orc priest (D:6)
  A gnoll (D:5)
  An adder (Sewer)
  A river rat (Sewer)
  A ribbon worm (Sewer)
  4 orcs (D:6)
  2 endoplasms (D:4)
  A goblin (D:4)
  A quokka (D:1)
  2 ball pythons
  A bat (D:2)
  A frilled lizard (D:2)
  2 kobolds
  2 rats
30 creatures vanquished.

Vanquished Creatures (collateral kills)
  Eustachio (D:4)
  An ice beast (D:5)
  2 centaurs (D:5)
  A phantom (D:6)
  4 kobold brigands (Sewer)
  An elf zombie (Ossuary)
  2 scorpions (D:5)
  3 jellies
  A centaur zombie (Ossuary)
  2 hounds
  2 human zombies (Ossuary)
  2 iguanas
  A sleepcap (D:6)
  A crocodile zombie (Ossuary)
  3 mummies (Ossuary)
  7 adders
  10 gnolls
  A river rat (Sewer)
  A dart slug (D:2)
  6 ribbon worms
  7 endoplasms
  A giant cockroach (D:4)
  3 goblins
  8 hobgoblins
  2 jackals (D:2)
  6 kobolds
  3 quokkas
  6 ball pythons
  3 frilled lizards
  5 rats
96 creatures vanquished.

Vanquished Creatures (others)
  5 blazeheart cores
5 creatures vanquished.

Grand Total: 131 creatures vanquished

Notes
Turn   | Place    | Note
-------+----------+-------------------------------------------
     0 | D:1      | skewfiend the Deep Elf Summoner began the quest for the
                  | Orb.
     0 | D:1      | Reached XP level 1. HP: 10/10 MP: 6/6
   263 | D:1      | Reached XP level 2. HP: 11/16 MP: 6/8
   267 | D:1      | Learned a level 2 spell: Call Imp
  1167 | D:2      | Reached skill level 1 in Fighting
  1167 | D:2      | Reached skill level 5 in Summonings
  1167 | D:2      | Reached XP level 3. HP: 13/20 MP: 3/10
  1311 | D:2      | Learned a level 3 spell: Call Canine Familiar
  1921 | D:3      | Reached XP level 4. HP: 25/25 MP: 11/11
  2535 | D:3      | Found an iron altar of Okawaru.
  3034 | D:4      | Noticed Eustachio
  3057 | D:4      | Killed Eustachio
  3058 | D:4      | Reached XP level 5. HP: 9/30 MP: 5/14
  3058 | D:4      | Reached XP level 6. HP: 10/35 MP: 5/15
  3163 | D:4      | Identified the +1 scale mail of Ziuqew {Regen+ SInv}
  3189 | D:4      | Reached skill level 5 in Spellcasting
  3464 | D:4      | Found a shimmering blue altar of Sif Muna.
  3472 | D:4      | Found a blossoming altar of Fedhas.
  3484 | D:4      | Became a worshipper of Sif Muna the Loreminder
  3676 | D:5      | Entered Level 5 of the Dungeon
  3761 | D:5      | Learned a level 4 spell: Summon Blazeheart Golem
  3804 | D:5      | Reached skill level 1 in Invocations
  3871 | D:5      | Reached skill level 1 in Fire Magic
  3885 | D:5      | Found a glowing drain.
  3906 | Sewer    | Entered a sewer
  4066 | Sewer    | Reached XP level 7. HP: 33/40 MP: 10/17
  4635 | Sewer    | Reached * piety under Sif Muna
  4961 | D:5      | Found a burning altar of Makhleb.
  4975 | D:5      | Noticed an Executioner
  5127 | D:5      | Learned a level 4 spell: Summon Lightning Spire
  5242 | D:5      | Reached XP level 8. HP: 46/46 MP: 14/19
  5608 | D:5      | Reached skill level 1 in Air Magic
  5863 | D:6      | Found a staircase to the Ecumenical Temple.
  6034 | D:6      | Found a sand-covered staircase.
  6115 | Ossuary  | Entered an ossuary
  6240 | Ossuary  | Reached skill level 5 in Armour
  6240 | Ossuary  | Reached skill level 11 in Dodging
  6240 | Ossuary  | Reached XP level 9. HP: 52/52 MP: 21/21
  6341 | Ossuary  | Reached ** piety under Sif Muna
  6494 | D:6      | Noticed a troll
  6503 | D:6      | Slain by a troll

Illustrated notes

Levels and vault maps discovered:
D:1:      shiori_arrival_oz, layout_basic, minmay_tetromino_s4
D:2:      layout_rooms
D:3:      minmay_recursive_quarters, layout_basic, okawaru_gym_becter,
          nrook_uturn
D:4:      layout_basic, nicolae_overflow_squiral,
          serial_library_hellmonk_junction, uniq_eustachio
D:5:      layout_loops_ring, makhleb_altar_promises_db,
          cheibrodos_sewer_entry_bend
D:6:      cheibrodos_fzero, layout_gridville, mainiacjoe_overflow_alcove_2,
          nzn_hepliaklqana_mist_gate, temple_green, serial_co_window_serial,
          co_window_paths_b, co_window_paths_a, co_window_paths_a,
          co_window_paths_b, co_window_paths_a, co_window_paths_b,
          co_window_corner_a, co_window_cross_3, co_window_unsneaky_path_a,
          co_window_corner_b, co_window_2corner, co_window_unsneaky_path_e,
          co_window_corner_ca, glass_columns_a, glass_columns_c,
          glass_columns_c, glass_columns_c, glass_columns_a,
          nicolae_ossuary_entry_monument, st_stairs_8

Skill      XL: |  1  2  3  4  5  6  7  8  9 |
---------------+----------------------------+-----
Fighting       | 1 2 3 |  3.9
Summonings     | 5 6 7 8 |  8.9
Spellcasting   | 4 5 6 7 |  7.1
Invocations    | 1 2 3 |  3.8
Fire Magic     | 1 3 |  3.0
Air Magic      | 3 |  3.0
Armour         | 5 |  5.4
Dodging        | 11 | 11.4
Stealth        | |  2.4

Action                     |  1- 3 |  4- 6 |  7- 9 || total
---------------------------+-------+-------+-------++-------
  Melee: Mace              |     8 |       |       ||     8
         Dagger            |    26 |    48 |    74 ||   148
         Halberd           |     4 |    21 |       ||    25
         Trident           |       |     5 |     5 ||    10
   Cast: Summon Small Mamm |    29 |    14 |     6 ||    49
         Call Imp          |    16 |    15 |    20 ||    51
         Call Canine Famil |     5 |    15 |    20 ||    40
         Summon Blazeheart |       |       |    10 ||    10
         Summon Lightning  |       |       |     4 ||     4
    Use: Scroll            |       |     6 |     9 ||    15
         Potion            |       |     1 |     2 ||     3
   Stab: Sleeping          |       |     3 |       ||     3
         Distracted        |       |     2 |       ||     2
 Armour: Leather armour    |    37 |    37 |    87 ||   161
         Robe              |     3 |       |       ||     3
  Dodge: Dodged            |    25 |    57 |    80 ||   162

Table legend: (Time is in decaauts)
 A = Elapsed time spent in this place.
 B = Non-inter-level travel time spent in this place.
 C = Inter-level travel time spent in this place.
 D = Time resting spent in this place.
 E = Time spent auto-exploring this place.
 F = Levels seen in this place.
 G = Mean time per level.
                   A        B        C        D        E       F      G
               +--------+--------+--------+--------+--------+-----+--------+
         Total |   6735 |   6456 |    279 |     73 |   4725 |   8 |  841.9 |
       Dungeon |   5343 |   5064 |    279 |     73 |   3918 |   6 |  890.5 |
         Sewer |   1121 |   1121 |      0 |      0 |    657 |   1 | 1121.0 |
       Ossuary |    270 |    270 |      0 |      0 |    150 |   1 |  270.0 |
               +--------+--------+--------+--------+--------+-----+--------+

Top non-repeatable levels by time:
     D:5: 1280 daAuts
   Sewer: 1121 daAuts
     D:1: 1067 daAuts
     D:3: 952 daAuts
     D:4: 915 daAuts
     D:2: 754 daAuts
     D:6: 374 daAuts
 Ossuary: 270 daAuts
